[Event "ICCopen2017"]
[Site "Internet Chess Club"]
[Date "2017.03.26"]
[Round "6"]
[White "MAU"]
[Black "YHWH"]
[Result "0-1"]
[ICCResult "White checkmated"]
[WhiteElo "1680"]
[BlackElo "1528"]
[Opening "Queen's pawn game"]
[ECO "D02"]
[NIC "QP.09"]
[Time "20:06:57"]
[TimeControl "180+0"]

1. Nf3 d5 2. d4 Bg4 3. Ne5 Bh5 4. c3 Nd7 5. Qa4 c6 6. Nf3 e6 7. Bg5 Qc7 8.
Nbd2 Bd6 9. Bh4 f5 10. e3 h6 11. Bg3 g5 12. Bxd6 Qxd6 13. Bd3 Ngf6 14. Qb3
O-O-O 15. h3 Bf7 16. a4 e5 17. dxe5 Nxe5 18. Nxe5 Be6 19. Nef3 Ne4 20. Nd4
Nxd2 21. Kxd2 Bd7 22. a5 c5 23. Nb5 Qb8 24. Qc2 c4 25. Bxf5 a6 26. Bxd7+
Rxd7 27. Nd4 Rf8 28. f3 Qe5 29. b3 cxb3 30. Qxb3 Re7 31. Rae1 Qg3 32. Rhg1
Qd6 33. c4 dxc4 34. Qxc4+ Kb8 35. Rb1 Rc8 36. Qd3 Rd7 37. Rb3 Qc5 38. Rgb1
Qxa5+ 39. Ke2 b5 40. Nc6+ Rxc6 41. Qxd7 Rc2+ 42. Kf1 Qd2 43. Qd6+ Qxd6 44.
Rxb5+ axb5 45. Rxb5+ Kc7 46. Rb2 Qd1# {White checkmated} 0-1

[Event "ICCopen2017"]
[Site "Internet Chess Club"]
[Date "2017.03.26"]
[Round "6"]
[White "JJ12"]
[Black "arsam"]
[Result "0-1"]
[ICCResult "White checkmated"]
[WhiteElo "2406"]
[BlackElo "2693"]
[Opening "Sicilian: dragon, Yugoslav attack, Rauser variation"]
[ECO "B76"]
[NIC "SI.17"]
[Time "20:06:51"]
[TimeControl "180+0"]

1. e4 c5 2. Nf3 d6 3. d4 cxd4 4. Nxd4 Nf6 5. Nc3 g6 6. Be3 Bg7 7. f3 Nc6 8.
Qd2 O-O 9. O-O-O d5 10. exd5 Nxd5 11. Nxc6 bxc6 12. Bd4 Nxc3 13. Qxc3 Bh6+
14. Be3 Bxe3+ 15. Qxe3 Qb6 16. Qd4 c5 17. Qc3 Be6 18. Bc4 Bxc4 19. Qxc4 Rab8
20. Qc3 Rfd8 21. Rhe1 Qa6 22. a3 Rxd1+ 23. Rxd1 Qe2 24. Qd2 Qe5 25. c3 Qxh2
26. g4 Qg3 27. Qe3 Qg2 28. Rd2 Qf1+ 29. Rd1 Qb5 30. Rd2 e6 31. Qe5 Rf8 32.
Qe2 c4 33. Rd4 Rc8 34. Qd2 Qc5 35. Rd8+ Rxd8 36. Qxd8+ Kg7 37. Qd2 h5 38.
gxh5 gxh5 39. Qg2+ Kf6 40. Qe2 h4 41. Qh2 Qe3+ 42. Kb1 Qe1+ 43. Ka2 Qg3 44.
Qd2 h3 45. Qd8+ Kf5 46. Qd7 f6 47. Qh7+ Kg5 48. Qg7+ Kf4 49. Qxf6+ Ke3 50.
Qxe6+ Kf2 51. Qxc4 h2 52. Qd4+ Kg2 53. Qd2+ Qf2 54. Qg5+ Kf1 55. Qc1+ Qe1
56. Qh6 Kg2 57. Qg6+ Qg3 58. Qc2+ Kh3 59. Qh7+ Qh4 60. Qf5+ Kg3 61. Qg6+ Kf2
62. Qc2+ Ke3 63. Qc1+ Ke2 64. Qc2+ Ke3 65. Qc1+ Kxf3 66. Qd1+ Ke3 67. Qh1
Qg3 68. Qf1 a5 69. Qh1 Qg1 70. Kb3 Qxh1 71. Ka4 Qc6+ 72. Kxa5 Kd3 73. b4 Kc4
74. a4 Qb7 75. b5 Qa7# {White checkmated} 0-1

[Event "ICCopen2017"]
[Site "Internet Chess Club"]
[Date "2017.03.26"]
[Round "6"]
[White "marabu"]
[Black "Mad-Cobra"]
[Result "1/2-1/2"]
[ICCResult "White ran out of time and Black has no material to mate"]
[WhiteElo "2114"]
[BlackElo "1870"]
[Opening "Nimzovich-Larsen attack: modern variation"]
[ECO "A01"]
[NIC "VO.08"]
[Time "20:06:44"]
[TimeControl "180+0"]

1. b3 e5 2. Bb2 d6 3. e3 c5 4. d4 cxd4 5. exd4 f6 6. dxe5 fxe5 7. Nf3 Nc6 8.
Bc4 h6 9. O-O Bf5 10. Re1 Nf6 11. Nc3 Be7 12. Nd5 Nxd5 13. Qxd5 Rf8 14. Qd2
Qb6 15. Rad1 O-O-O 16. Bd5 Bd7 17. c4 Bg4 18. h3 Bxf3 19. Bxf3 Bg5 20. Qe2
Qc7 21. Rd3 a5 22. a3 Qf7 23. Bxc6 bxc6 24. Rf3 Qe7 25. Bc3 Rxf3 26. Qxf3
Kb7 27. Bxa5 Rf8 28. Qe2 Bf6 29. b4 d5 30. cxd5 cxd5 31. Qb5+ Ka8 32. Qxd5+
Qb7 33. Rd1 Rc8 34. Qd3 e4 35. Qe2 h5 36. Qxh5 e3 37. fxe3 Qa7 38. Qf3+ Qb7
39. Qxb7+ Kxb7 40. Rd2 Ka6 41. Rd6+ Kb5 42. Kf2 Ka4 43. Kf3 Kxa3 44. b5 Ka4
45. Bb6 Kxb5 46. Bd4 Bxd4 47. Rxd4 Rc3 48. Rf4 Rc1 49. h4 Kc5 50. Kg4 Kd6
51. g3 Ke6 52. h5 Rh1 53. Rf5 Ke7 54. e4 Ke6 55. e5 Rf1 56. Rg5 Re1 57. Rg6+
Kxe5 58. Rxg7 Re4+ 59. Kh3 Re2 60. Re7+ Kf5 61. Rxe2 Kf6 62. h6 Kf5 63. Re8
Kg6 64. h7 Kxh7 65. Kg4 Kg6 66. Re4 Kf7 67. Kf4 Kg7 68. g4 Kf7 69. g5 Kg7
70. Kf5 Kf7 71. Re6 Kg7 72. g6 Kh6 73. Kf6 Kh5 74. Re7 Kg4 75. g7 Kg3 76.
g8=Q+ Kf2 {White ran out of time and Black has no material to mate} 1/2-1/2

[Event "ICCopen2017"]
[Site "Internet Chess Club"]
[Date "2017.03.26"]
[Round "6"]
[White "FiveCardDraw"]
[Black "carpedef"]
[Result "0-1"]
[ICCResult "White forfeits on time"]
[WhiteElo "1519"]
[BlackElo "1793"]
[Opening "King's Indian: Semi-Averbakh system"]
[ECO "E73"]
[NIC "KI.27"]
[Time "20:06:29"]
[TimeControl "180+0"]

1. d4 Nf6 2. c4 g6 3. Nc3 Bg7 4. e4 d6 5. Be2 O-O 6. Be3 Nbd7 7. g4 e5 8. d5
Nc5 9. f3 a5 10. g5 Ne8 11. h4 f5 12. gxf6 Nxf6 13. Qd2 Nh5 14. O-O-O b6 15.
Bh6 Bd7 16. Nh3 Qxh4 17. Bxg7 Kxg7 18. Ng5 Qf4 19. Qxf4 Rxf4 20. Rdg1 Raf8
21. Rxh5 gxh5 22. Ne6+ Kf7 23. Nxf4 exf4 24. Rg5 Kf6 25. Rxh5 Kg6 26. Rh4 h5
27. Bf1 Kg5 28. Rh1 Rf6 29. Bh3 Be8 30. Kc2 Kh6 31. a3 Rg6 32. b4 axb4 33.
axb4 Nd7 34. Nb5 Ne5 35. Nxc7 Ba4+ 36. Kc3 Nxf3 37. Na8 b5 38. cxb5 Bxb5 39.
Nc7 Be2 40. b5 Ne5 41. b6 Rg8 42. b7 Rb8 43. Bc8 f3 44. Na6 Rxb7 45. Bxb7 f2
46. Nb8 f1=Q 47. Rxf1 Bxf1 48. Nc6 Nf7 49. Ne7 h4 50. Kd2 h3 51. Ke3 h2 52.
Kd4 h1=Q 53. Kc3 Qxe4 54. Kb3 Qc4+ 55. Kb2 Bg2 56. Bc8 Bxd5 57. Kb1 Qb4+ 58.
Kc1 Be4 59. Kd1 Qc3 {White forfeits on time} 0-1

[Event "ICCopen2017"]
[Site "Internet Chess Club"]
[Date "2017.03.26"]
[Round "6"]
[White "jbow79"]
[Black "Athena2020"]
[Result "1-0"]
[ICCResult "Black forfeits on time"]
[WhiteElo "994"]
[BlackElo "1067"]
[Opening "Queen's pawn game, Darooha variation "]
[ECO "D02"]
[NIC "QP.08"]
[Time "20:06:39"]
[TimeControl "180+0"]

1. d4 d5 2. Nf3 Nf6 3. g3 e6 4. Bg2 Bd6 5. O-O O-O 6. Bg5 h6 7. Bxf6 Qxf6 8.
c3 Qe7 9. Nbd2 Nd7 10. e4 dxe4 11. Nxe4 f5 12. Nxd6 Qxd6 13. Re1 Nf6 14. Ne5
c6 15. Qb3 Ng4 16. f4 Nxe5 17. fxe5 Qe7 18. Rf1 Qg5 19. Rf2 Qe3 20. Rf1 f4
21. Qc2 fxg3 22. hxg3 Bd7 23. Kh1 Rxf2 24. Rxf2 Qe1+ 25. Kh2 Rf8 26. Rxf8+
Kxf8 27. a3 Qe3 28. Qd1 g5 29. Qf3+ Qxf3 30. Bxf3 Kg7 31. g4 b5 32. Kg3 a5
33. b4 axb4 34. axb4 Be8 35. Be4 Kf7 36. Kf3 Ke7 37. Ke3 Kd7 38. Kd3 Kc7 39.
Bf3 Kb6 40. Be4 Bf7 41. Bf3 Kc7 42. Be4 Kb6 43. Bf3 Kb7 44. Bg2 Kc7 45. Bf3
{Black forfeits on time}
1-0

[Event "ICCopen2017"]
[Site "Internet Chess Club"]
[Date "2017.03.26"]
[Round "6"]
[White "Koval"]
[Black "shredded"]
[Result "0-1"]
[ICCResult "White resigns"]
[WhiteElo "1955"]
[BlackElo "2709"]
[Opening "English: symmetrical variation"]
[ECO "A34"]
[NIC "EO.64"]
[Time "20:07:10"]
[TimeControl "180+0"]

1. c4 c5 2. Nc3 b6 3. d4 cxd4 4. Qxd4 Bb7 5. Nf3 Nf6 6. e4 d6 7. Bg5 Nbd7 8.
Rd1 e6 9. g3 Be7 10. Bg2 a6 11. O-O Qc7 12. b3 h6 13. Be3 O-O 14. Rfe1 Rac8
15. h3 Rfe8 16. Kh2 Nc5 17. e5 Bxf3 18. Bxf3 dxe5 19. Qd2 Red8 20. Qc2 Rxd1
21. Rxd1 Rd8 22. Rxd8+ Qxd8 23. b4 Ncd7 24. Bb7 Bxb4 25. Bxa6 Bc5 26. Bb5
Bxe3 27. fxe3 Nc5 28. Na4 Nxa4 29. Bxa4 Qd6 30. Bb5 g6 31. a4 Qc5 32. Qd3
Kg7 33. g4 h5 34. g5 Ng8 35. h4 Ne7 36. Kh3 Nf5 37. e4 Nd6 38. Qf3 Kg8 39.
Kg3 Qg1+ 40. Kh3 Qg4+ 41. Qxg4 hxg4+ 42. Kxg4 Nxe4 43. Bc6 Nc5 44. h5 gxh5+
45. Kxh5 Kg7 46. Kg4 f6 47. gxf6+ Kxf6 48. Kf3 Ke7 49. Ke3 Kd6 50. Bb5 Nb3
51. Ke4 Na5 52. Ke3 Kc5 53. Ke4 Nxc4 54. Be8 Nd6+ 55. Kxe5 Nxe8 56. Kxe6
Nc7+ 57. Ke5 Nd5 58. a5 bxa5 59. Ke4 Kc4 60. Ke5 a4 {White resigns} 0-1

[Event "ICCopen2017"]
[Site "Internet Chess Club"]
[Date "2017.03.26"]
[Round "6"]
[White "Spirals"]
[Black "Seraphim"]
[Result "1-0"]
[ICCResult "Black resigns"]
[WhiteElo "2196"]
[BlackElo "1868"]
[Opening "Sicilian: closed"]
[ECO "B23"]
[NIC "SI.44"]
[Time "20:07:31"]
[TimeControl "180+0"]

1. e4 c5 2. Nc3 e6 3. g3 Ne7 4. Bg2 Nbc6 5. Nf3 d5 6. exd5 Nxd5 7. O-O Nf6
8. d3 Be7 9. Re1 O-O 10. h3 a6 11. Bf4 Qb6 12. Rb1 Nd4 13. Nxd4 cxd4 14. Ne2
Rd8 15. a3 Bd7 16. Qd2 Rac8 17. Be5 Bc6 18. Bxc6 Rxc6 19. Rec1 Qc5 20. Bxf6
Bxf6 21. h4 Qd5 22. Nf4 Qf3 23. Qe2 Qxe2 24. Nxe2 Rdc8 25. c4 dxc3 26. bxc3
b5 27. c4 bxc4 28. Rxc4 Rxc4 29. dxc4 g6 30. Rb4 Be7 31. Ra4 a5 32. Rxa5
Rxc4 33. Ra8+ Kg7 34. a4 Bc5 35. Kf1 Rc2 36. a5 Ra2 37. a6 h5 38. Rc8 Bb6
39. Rc6 Rxa6 40. Kg2 Ra2 41. Rxb6 Rxe2 42. Rb7 Re5 43. Rb4 Kf6 44. f4 Re2+
45. Kh3 Re1 46. Rb5 Rh1+ 47. Kg2 Rd1 48. Kh3 Rd2 49. Ra5 Re2 50. Rb5 e5 51.
fxe5+ Rxe5 52. Rb7 Re7 53. Rb6+ Kf5 54. Rb5+ Re5 55. Rb4 f6 56. Rf4+ Ke6 57.
Ra4 g5 58. Ra6+ Kf5 59. hxg5 fxg5 60. Ra2 Re3 61. Kg2 Re5 62. Rf2+ Kg6 63.
Ra2 Kf5 64. Ra4 Re4 65. Ra2 Kg4 66. Kf2 Rd4 67. Re2 Re4 68. Rxe4+
{Black resigns}
1-0

[Event "ICCopen2017"]
[Site "Internet Chess Club"]
[Date "2017.03.26"]
[Round "6"]
[White "DoctorWho"]
[Black "jaybird"]
[Result "1-0"]
[ICCResult "Black resigns"]
[WhiteElo "1852"]
[BlackElo "1531"]
[Opening "Nimzo-Indian: 4.e3 O-O, 5.Bd3 d5"]
[ECO "E48"]
[NIC "NI.17"]
[Time "20:07:10"]
[TimeControl "180+0"]

1. d4 e6 2. c4 Nf6 3. Nc3 Bb4 4. e3 d5 5. Bd3 O-O 6. Ne2 Re8 7. O-O b6 8. a3
Be7 9. b3 Bb7 10. Bb2 Nbd7 11. Rc1 c5 12. cxd5 exd5 13. Bb1 Rc8 14. Ng3 Bd6
15. Nce2 Qe7 16. Nf5 Qf8 17. Nxd6 Qxd6 18. Ng3 h6 19. Qd3 cxd4 20. Qxd4 Nc5
21. Nf5 Qe6 22. Qh4 Nxb3 23. Rxc8 Rxc8 24. Nxh6+ Kf8 25. Bf5 Qc6 26. Bxc8
Bxc8 27. Bxf6 Qxf6 28. Qxf6 gxf6 29. h3 Nd2 30. Rd1 Nc4 31. Rxd5 Be6 32. Rd3
Kg7 33. Ng4 f5 34. Nh2 Kf6 35. Nf3 Nb2 36. Rc3 Na4 37. Rc7 a6 38. Nd4 Nc5
39. Rc6 Ne4 40. Rxb6 a5 41. Ra6 a4 42. Nxe6 fxe6 43. Rxa4 Nc3 44. Ra8 Ke5
45. a4 Kd6 46. a5 Kc7 47. Re8 Kd7 48. a6 Nb5 49. Rb8 Nd6 50. a7 {Black
resigns} 1-0

[Event "ICCopen2017"]
[Site "Internet Chess Club"]
[Date "2017.03.26"]
[Round "6"]
[White "lion100"]
[Black "MrNobody84"]
[Result "1-0"]
[ICCResult "Black forfeits on time"]
[WhiteElo "1398"]
[BlackElo "1649"]
[Opening "Sicilian defense"]
[ECO "B33"]
[NIC "SI.32"]
[Time "20:07:21"]
[TimeControl "180+0"]

1. e4 c5 2. Nf3 Nc6 3. d4 cxd4 4. Nxd4 Nf6 5. f3 d6 6. Nc3 Bd7 7. Be3 g6 8.
Qd2 Bg7 9. O-O-O h6 10. g4 a6 11. h4 Rc8 12. Kb1 b5 13. Nxc6 Rxc6 14. Bg2 b4
15. Nd5 Nxd5 16. Qxd5 Qc8 17. Rc1 Be6 18. Qd2 Rc3 19. Bf1 Qd7 20. Bd4 Qa4
21. b3 Bxd4 22. Qxd4 Qc6 23. Qxh8+ Kd7 24. Qd4 a5 25. Bd3 a4 26. Qxb4 Rc5
27. Qxa4 {Black forfeits on time} 1-0

[Event "ICCopen2017"]
[Site "Internet Chess Club"]
[Date "2017.03.26"]
[Round "6"]
[White "dynamo"]
[Black "DropZone"]
[Result "0-1"]
[ICCResult "White forfeits on time"]
[WhiteElo "1743"]
[BlackElo "2099"]
[Opening "Benko's opening"]
[ECO "A00"]
[NIC "VO.09"]
[Time "20:07:04"]
[TimeControl "180+0"]

1. g3 d5 2. Bg2 c6 3. f4 Nf6 4. Nf3 Bf5 5. O-O e6 6. d3 h6 7. c3 Bc5+ 8. Kh1
Ng4 9. d4 Be7 10. h3 Nf6 11. Be3 Ne4 12. Kh2 c5 13. Nbd2 cxd4 14. Nxd4 Bh7
15. Qa4+ Nd7 16. Nxe4 dxe4 17. Rad1 O-O 18. Nc2 Nb6 19. Qb5 Qe8 20. Qxe8
Rfxe8 21. Bxb6 axb6 22. a3 Red8 23. Kg1 Bc5+ 24. e3 Rd3 25. Kf2 Rad8 26. Nd4
Rxd1 27. Rxd1 f6 28. Ke2 e5 29. fxe5 fxe5 30. Ne6 Rxd1 31. Kxd1 Kf7 32. Nxc5
bxc5 33. b4 cxb4 34. axb4 Ke6 35. c4 Kd6 36. Kd2 Bg8 37. c5+ Kd5 38. Kc3 g5
39. h4 gxh4 40. gxh4 Be6 41. Bf1 Bg4 42. Bc4+ Kc6 43. Bf7 Be2 44. Be8+ Kc7
45. Bf7 Kc6 46. Bg6 Kd5 47. Bf7+ Kc6 48. Kd2 Bd3 49. Kc3 Kb5 50. Bg8 Kc6 51.
Bf7 Kc7 52. Bg6 Kd7 53. Bf7 Ke7 54. Bc4 Kf6 55. Bxd3 exd3 56. Kxd3 e4+ 57.
Kd4 Ke6 58. Kxe4 Kf6 59. Kd5 Ke7 {White forfeits on time} 0-1

[Event "ICCopen2017"]
[Site "Internet Chess Club"]
[Date "2017.03.26"]
[Round "6"]
[White "Dare-Dare"]
[Black "Discoverchess"]
[Result "1-0"]
[ICCResult "Black forfeits on time"]
[WhiteElo "1946"]
[BlackElo "2690"]
[Opening "Scotch: Mieses variation"]
[ECO "C45"]
[NIC "SO.04"]
[Time "20:06:52"]
[TimeControl "180+0"]

1. e4 e5 2. Nf3 Nc6 3. d4 exd4 4. Nxd4 Nf6 5. Nxc6 bxc6 6. e5 Qe7 7. Qe2 Nd5
8. c4 Nb6 9. Nc3 g6 10. f4 Bg7 11. g3 O-O 12. Bg2 Qe6 13. b3 a5 14. Bb2 Ba6
15. O-O a4 16. Rfe1 Rfe8 17. Qf2 a3 18. Bc1 d5 19. cxd5 cxd5 20. Be3 Red8
21. Bxb6 cxb6 22. Na4 Rab8 23. Rac1 d4 24. Rc6 Qf5 25. Rxb6 Rxb6 26. Nxb6 d3
27. Nd5 Kh8 28. Be4 Qg4 29. Bf3 Qc8 30. Rd1 h5 31. Be4 Qg4 32. Rd2 h4 33.
Nb4 hxg3 34. hxg3 Bb5 35. Nxd3 Bxd3 36. Rxd3 Rxd3 37. Bxd3 Bf8 38. Kg2 Kg8
39. Qf3 Qc8 40. Bc4 Qd7 41. Qd5 Qf5 42. Kf3 Qh5+ 43. Ke3 g5 44. e6 gxf4+ 45.
gxf4 Qh3+ 46. Kd4 Bg7+ 47. Kc5 Qe3+ 48. Kb5 Qxf4 49. exf7+ Kh7 50. Bd3+ Kh6
51. Qe6+ Kg5 52. Qg6+ Kh4 53. Qxg7 Qb8+ 54. Kc4 Qc7+ 55. Kd4 Qd6+ 56. Ke3
Qc5+ 57. Kd2 Qf2+ 58. Kc3 Qb2+ 59. Kc4 Qxg7 60. Kb4 Qf8+ 61. Ka4 Kg5 62. Bc4
Kf6 63. Kb5 Ke5 64. Ka4 Kd4 65. Kb5 Qc5+ 66. Ka6 Ke5 67. Kb7 Qf8 68. Ka6 Kd6
69. Kb5 Qb8+ 70. Ka4 Kc5 71. f8=Q+ Qxf8 72. Ba6 {Black forfeits on time} 1-0

[Event "ICCopen2017"]
[Site "Internet Chess Club"]
[Date "2017.03.26"]
[Round "6"]
[White "snaillike"]
[Black "Eliezer"]
[Result "0-1"]
[ICCResult "White checkmated"]
[WhiteElo "1179"]
[BlackElo "1510"]
[Opening "Caro-Kann defense"]
[ECO "B15"]
[NIC "CK.05"]
[Time "20:07:52"]
[TimeControl "180+0"]

1. d4 d5 2. e4 c6 3. Nc3 e6 4. e5 g6 5. f4 Bg7 6. Nf3 Ne7 7. Bd3 Nd7 8. O-O
b6 9. Qe1 Bb7 10. Be3 Qc7 11. Ng5 h6 12. Nh3 c5 13. dxc5 Nxc5 14. Bxc5 Qxc5+
15. Kh1 O-O 16. Qh4 d4 17. Ne4 Bxe4 18. Bxe4 Rad8 19. c3 dxc3 20. bxc3 Nf5
21. g4 Ne3 22. Rf3 Nd5 23. f5 exf5 24. gxf5 g5 25. Qh5 f6 26. Qg6 Qe7 27. e6
Qe8 28. c4 Qxg6 29. fxg6 Ne7 30. Bd5 Nxd5 31. cxd5 Rxd5 32. Re1 Re8 33. Rc3
Re5 34. Rxe5 f5 35. Ree3 Bxc3 36. Rxc3 Rxe6 37. Nf2 Kg7 38. Rc7+ Kxg6 39.
Rxa7 f4 40. Rb7 f3 41. Ng4 Re1# {White checkmated} 0-1

[Event "ICCopen2017"]
[Site "Internet Chess Club"]
[Date "2017.03.26"]
[Round "6"]
[White "touchthis"]
[Black "PawnderingMate"]
[Result "1-0"]
[ICCResult "Black forfeits on time"]
[WhiteElo "1466"]
[BlackElo "1282"]
[Opening "Bird's opening"]
[ECO "A03"]
[NIC "VO.07"]
[Time "20:06:40"]
[TimeControl "180+0"]

1. f4 d5 2. Nf3 c5 3. e3 Nc6 4. Bb5 Bd7 5. Bxc6 Bxc6 6. b3 e6 7. Bb2 f6 8.
O-O Bd6 9. Qe1 Ne7 10. d3 O-O 11. Nbd2 Rc8 12. Rc1 Qc7 13. c4 d4 14. e4 Qa5
15. a4 Ng6 16. g3 Qd8 17. e5 fxe5 18. fxe5 Be7 19. Qe2 Qe8 20. Rf2 Rf5 21.
Ne4 Nxe5 22. Nxe5 Rxe5 23. Qf3 Bxe4 24. dxe4 Bf6 25. Re1 Qc6 26. Qg4 Rf8 27.
Bc1 Qe8 28. Bf4 Rh5 29. Bd6 Rg5 30. Qf4 Rf7 31. e5 Bxe5 32. Qxf7+ Qxf7 33.
Rxf7 Kxf7 34. Bxe5 Kg6 35. Bb8 a6 36. Ba7 Kf7 37. Kf2 Ke7 38. Ke2 Kd6 39.
Bb8+ Kc6 40. Bf4 Rg6 41. Kd3 Rf6 42. Re5 Rf7 43. h4 b6 44. Re2 Kd7 45. Bb8
Rf3+ 46. Kc2 Rf1 47. Ba7 Ra1 48. Bxb6 Ra2+ 49. Kd3 Rxe2 50. Kxe2 Kc6 51. Ba5
Kd6 52. Bd8 Ke5 53. Kd3 Kf5 54. Bg5 e5 55. Be7 e4+ 56. Kd2 Kg4 57. Bxc5 Kxg3
58. Bxd4 Kf3 59. Be3 Kg4 60. c5 Kxh4 61. c6 g5 62. c7 g4 63. c8=Q g3 64. Qg8
g2 65. Qxg2 Kh5 66. Qxe4 h6 67. Qc6 Kg4 68. Qxa6 Kf3 69. Qxh6
{Black forfeits on time}
1-0

[Event "ICCopen2017"]
[Site "Internet Chess Club"]
[Date "2017.03.26"]
[Round "6"]
[White "kingmate"]
[Black "BlueGreen"]
[Result "0-1"]
[ICCResult "White forfeits on time"]
[WhiteElo "2482"]
[BlackElo "2744"]
[Opening "Giuoco Pianissimo"]
[ECO "C55"]
[NIC "IG.01"]
[Time "20:06:25"]
[TimeControl "180+0"]

1. e4 e5 2. Nf3 Nc6 3. Bc4 Nf6 4. d3 Bc5 5. O-O O-O 6. c3 d6 7. Nbd2 a6 8.
h3 h6 9. Re1 Re8 10. Bb3 Be6 11. Nf1 d5 12. Qe2 d4 13. Bxe6 Rxe6 14. Ng3 b5
15. Bd2 dxc3 16. Bxc3 b4 17. Bd2 a5 18. Rac1 Nd4 19. Nxd4 Bxd4 20. Be3 Bxe3
21. fxe3 Rd6 22. Red1 g6 23. Rc5 Qe7 24. d4 Re6 25. Rdc1 exd4 26. Rxc7 Qd6
27. Qf2 dxe3 28. Qxe3 Rae8 29. Qf3 Qd4+ 30. Kh2 Qxb2 31. R1c5 Qa3 32. Qf4
Rf8 33. e5 Ne8 34. Rc8 Qxa2 35. Ne4 Qb2 36. Rxa5 b3 37. Qxh6 Rxe5 38. Ng5
Rxg5 39. Qxg5 Qd4 40. Rb5 b2 41. Rcb8 Qd6+ 42. Qg3 Qf6 43. Rxb2 Kg7 44. Re2
Nd6 45. Rxf8 Kxf8 46. Qe5 Qxe5+ 47. Rxe5 Kg7 48. Rd5 Nf5 49. g4 Ne7 50. Re5
Nc6 51. Re2 Nd4 52. Rf2 Ne6 53. Kg3 Nc5 54. Rf3 Ne6 55. h4 Nd4 56. Rf4 Ne6
57. Rf2 Nf8 58. h5 Ne6 59. Kh4 g5+ 60. Kg3 Nd4 61. Rd2 Ne6 62. Re2 Nf4 63.
Re5 Ne6 64. Rf5 f6 65. Kf3 Nd8 66. Ke4 Nf7 67. Rf3 Nh6 68. Rg3 Kf7 69. Rf3
Ke6 70. Rg3 Nxg4 71. Rg2 f5+ 72. Kf3 Kf6 73. Ra2 Ne5+ 74. Kf2 Nd7 75. Ra6+
Ke5 76. Ra5+ Kf6 77. Ra4 Ne5 78. Kg2 Ng4 79. h6 Kg6 80. Ra6+ Kh7 81. Ra7+
Kxh6 82. Ra6+ Kh5 83. Ra5 Nh6 84. Ra8 f4 85. Rh8 g4 86. Rg8 f3+ 87. Kf2 Kh4
88. Rh8 Kg5 89. Rg8+ Kf4 90. Rh8 Nf5 91. Re8 g3+ 92. Kg1 f2+ 93. Kf1 Ne3+
94. Ke2 f1=Q+ 95. Kd2 Qd1+ 96. Kc3 Qc2+ 97. Kb4 Qc4+ 98. Ka5 Qc5+ 99. Ka6
Qc6+ 100. Ka7 Qxe8 101. Kb7 Qd7+ 102. Kb6 Nd5+ 103. Ka5 Ne7 104. Kb4 Qc8
105. Ka5 g2 106. Kb6 g1=Q+ 107. Ka5 Qgc5+ 108. Ka4 Qa6+ 109. Kb3 Qab5+
{White forfeits on time}
0-1

[Event "ICCopen2017"]
[Site "Internet Chess Club"]
[Date "2017.03.26"]
[Round "6"]
[White "Jude"]
[Black "Siryk"]
[Result "0-1"]
[ICCResult "White checkmated"]
[WhiteElo "1945"]
[BlackElo "2904"]
[Opening "Sicilian: closed"]
[ECO "B24"]
[NIC "SI.44"]
[Time "20:07:21"]
[TimeControl "180+0"]

1. e4 c5 2. Nc3 Nc6 3. g3 g6 4. Bg2 Bg7 5. d3 e6 6. Be3 d6 7. Qd2 Nd4 8. Nd1
Ne7 9. c3 Ndc6 10. Nh3 O-O 11. Bh6 f5 12. Bxg7 Kxg7 13. O-O e5 14. f4 h6 15.
Ne3 Be6 16. a4 Qd7 17. Nf2 d5 18. Rad1 d4 19. Nc4 dxc3 20. bxc3 Bxc4 21.
dxc4 Qxd2 22. Rxd2 Rad8 23. Rfd1 Rxd2 24. Rxd2 exf4 25. gxf4 Rd8 26. Rxd8
Nxd8 27. Nd3 b6 28. Kf2 fxe4 29. Bxe4 Nf7 30. Ne5 Nxe5 31. fxe5 g5 32. Kf3
h5 33. Kg3 Ng6 34. e6 Nf4 35. Kf3 Nxe6 36. Bd5 Kf6 37. Ke4 Ng7 38. Bc6 Nf5
39. Bd5 h4 40. Bc6 g4 41. Bd7 g3 42. hxg3 hxg3 43. Kf3 Ke5 44. Bxf5 Kxf5 45.
Kxg3 Ke4 46. Kf2 Kd3 47. Kf3 Kxc3 48. Ke4 Kxc4 49. Ke3 Kb4 50. Kd2 Kxa4 51.
Kc2 b5 52. Kc3 b4+ 53. Kb2 b3 54. Kc3 Ka3 55. Kc4 b2 56. Kxc5 b1=Q 57. Kc6
Qb6+ 58. Kd5 Kb4 59. Ke4 a5 60. Ke5 a4 61. Kd5 a3 62. Ke5 a2 63. Kd5 a1=Q
64. Ke4 Qad4+ 65. Kf5 Qbf6# {White checkmated} 0-1

[Event "ICCopen2017"]
[Site "Internet Chess Club"]
[Date "2017.03.26"]
[Round "6"]
[White "Lzmann"]
[Black "WinAgain"]
[Result "1-0"]
[ICCResult "Black checkmated"]
[WhiteElo "1578"]
[BlackElo "1364"]
[Opening "QGD: 3.Nc3"]
[ECO "D31"]
[NIC "QO.17"]
[Time "20:07:35"]
[TimeControl "180+0"]

1. d4 e6 2. c4 d5 3. Nc3 Bb4 4. cxd5 Qxd5 5. Nf3 Nc6 6. e3 e5 7. a3 Bxc3+ 8.
bxc3 exd4 9. cxd4 Nf6 10. Be2 Bg4 11. O-O O-O 12. Bd2 Rad8 13. Qc2 g6 14. h3
Bf5 15. Qa4 Ne4 16. Bc4 Qd7 17. Be1 Nd6 18. Bd5 Ne7 19. Qb3 Nxd5 20. Qxd5 c6
21. Qb3 Ne4 22. Ne5 Qd5 23. Qxb7 Ra8 24. Qxc6 Qxc6 25. Nxc6 Bd7 26. d5 Bxc6
27. dxc6 Rfc8 28. Rc1 Rab8 29. Bb4 Rb6 30. c7 Rb7 31. Rc4 Nf6 32. Rfc1 Nd5
33. Bd6 Nb6 34. R4c2 Nd7 35. Be7 f5 36. Bd8 Kf7 37. Rd1 Nb6 38. Rc6 Ke8 39.
Re6+ Kf7 40. Re7+ Kg8 41. g4 fxg4 42. hxg4 Nc4 43. f4 Nb2 44. Rdd7 Na4 45.
Rg7+ Kf8 46. Rxh7 Kg8 47. Rdg7+ Kf8 48. Rxg6 Rxd8 49. cxd8=Q# {Black
checkmated} 1-0

[Event "ICCopen2017"]
[Site "Internet Chess Club"]
[Date "2017.03.26"]
[Round "6"]
[White "Aladdin"]
[Black "shally"]
[Result "1-0"]
[ICCResult "Black resigns"]
[WhiteElo "2271"]
[BlackElo "1918"]
[Opening "Sicilian: Scheveningen, Keres attack"]
[ECO "B81"]
[NIC "SI.20"]
[Time "20:08:00"]
[TimeControl "180+0"]

1. e4 c5 2. Nf3 e6 3. d4 cxd4 4. Nxd4 Nf6 5. Nc3 d6 6. g4 h6 7. h3 a6 8. Be3
Qc7 9. Qd2 b5 10. a3 Bb7 11. Bd3 Be7 12. O-O-O Nc6 13. Nxc6 Bxc6 14. f4
O-O-O 15. Qf2 Qb7 16. Rhe1 Nd7 17. Kb1 Kb8 18. Na2 a5 19. b4 a4 20. c4 Rc8
21. cxb5 Bxb5 22. Qe2 Bxd3+ 23. Qxd3 Rc7 24. Rc1 Rhc8 25. Rxc7 Rxc7 26. Rc1
Rxc1+ 27. Kxc1 Kc7 28. Nc3 Nb8 29. Nxa4 Qc6+ 30. Qc2 d5 31. exd5 exd5 32.
Bd4 g6 33. Be5+ Kd7 34. Qxc6+ Nxc6 35. Nb6+ Ke6 36. Bb2 Bd6 37. f5+ gxf5 38.
gxf5+ Kxf5 39. Nxd5 Ke4 40. Nf6+ Kd3 41. b5 Na5 42. Kd1 Nc4 43. Bc1 Nxa3 44.
Bxa3 Bxa3 45. b6 Bd6 46. b7 Ke3 47. Ng4+ Kf4 48. Nxh6 f6 49. Kd2 Kg3 50.
Nf5+ Kxh3 51. Nxd6 f5 52. b8=Q f4 53. Ke2 Kg2 54. Qb3 f3+ 55. Qxf3+
{Black resigns}
1-0

[Event "ICCopen2017"]
[Site "Internet Chess Club"]
[Date "2017.03.26"]
[Round "6"]
[White "jncool68"]
[Black "Cubitas"]
[Result "1-0"]
[ICCResult "Black forfeits on time"]
[WhiteElo "2826"]
[BlackElo "2454"]
[Opening "King's Indian: Torre attack"]
[ECO "A48"]
[NIC "QP.01"]
[Time "20:06:31"]
[TimeControl "180+0"]

1. d4 Nf6 2. Nf3 g6 3. Bg5 Bg7 4. Nbd2 O-O 5. c3 d6 6. e4 Nbd7 7. Be2 e5 8.
dxe5 Nxe5 9. Nxe5 dxe5 10. O-O h6 11. Bh4 Qe7 12. Qc2 b6 13. a4 a5 14. Nc4
Bb7 15. f3 Qe6 16. Ne3 Nh5 17. Rfd1 Nf4 18. Bc4 Qe8 19. Nd5 Nxd5 20. Bxd5
Bxd5 21. Rxd5 Qc6 22. Rad1 Rfe8 23. Bf2 Bf8 24. Be3 Kh7 25. Qb3 Re6 26. g4
Kg7 27. Kg2 Bd6 28. h4 Rf8 29. Qc2 Rh8 30. b3 Be7 31. Rh1 h5 32. g5 Rd8 33.
Rhd1 Red6 34. c4 Rxd5 35. exd5 Qd7 36. Qe4 Qf5 37. Qxf5 gxf5 38. Bd2 f6 39.
f4 e4 40. Bc3 Kf7 41. Kf2 Rg8 42. Ke2 Rd8 43. Rg1 c6 44. dxc6 Rc8 45. Bxf6
Bxf6 46. gxf6 Rxc6 47. Rg5 Rxf6 48. Rxh5 Kg6 49. Rg5+ Kh6 50. h5 Rf7 51. Ke3
Rd7 52. Rxf5 Rd3+ 53. Kxe4 Rxb3 54. Rb5 Rb4 55. Rxb4 axb4 56. Kd3 Kxh5 57.
Kc2 Kg4 58. Kb3 Kxf4 59. Kxb4 Ke5 60. Kb5 Kd4 61. Kxb6 Kxc4 62. a5 Kb4 63.
a6 Kc4 64. a7 Kd4 65. a8=Q Kd3 66. Qc6 Kd2 67. Kb5 Ke3 68. Qc4 Kf2 69. Kc5
Kg3 70. Qd4 Kf3 71. Kd5 Ke2 72. Qe4+ Kf2 73. Ke5 Kg3 74. Kf5 Kh3 75. Qd3+
Kh2 76. Qd2+ Kg1 77. Kg4 Kf1 78. Kf3 Kg1 79. Qd1+ Kh2 80. Qe2+ Kh3 81. Qg2+
{Black forfeits on time}
1-0